 Dungeon Crawl Stone Soup version 0.20.1-1-g8b1a95d (webtiles) character file.

186 Lorindel the Conjurer (level 5, -3/29 HPs)
             Began as a Deep Elf Conjurer on July 16, 2017.
             Was an Initiate of Sif Muna.
             Killed from afar by an orc wizard (9 damage)
             ... with a puff of flame
             ... on level 4 of the Dungeon.
             The game lasted 00:36:53 (3387 turns).

Lorindel the Conjurer (Deep Elf Conjurer)           Turns: 3387, Time: 00:36:55

Health: -3/29      AC:  2    Str:  5    XL:     5   Next: 38%
Magic:  7/13       EV: 13    Int: 21    God:    Sif Muna [......]
Gold:   239        SH:  0    Dex: 15    Spells: 3/13 levels left

rFire    . . .     SeeInvis .   g - +0 club
rCold    . . .     Gourm    .   (no shield)
rNeg     . . .     Faith    .   a - +0 robe
rPois    .         Spirit   .   (no helmet)
rElec    .         Reflect  .   (no cloak)
rCorr    .         Harm     .   (no gloves)
MR       .....                  (no boots)
Stlth    ++........             (no amulet)
Regen    0.1/turn               (no ring)
MPRegen  0.2/turn               (no ring)

@: no status effects
A: no striking features
a: Renounce Religion


You were on level 4 of the Dungeon.
You worshipped Sif Muna.
Sif Muna was noncommittal.
You were not hungry.

You visited 1 branch of the dungeon, and saw 4 of its levels.

You collected 239 gold pieces.

Inventory:

Hand Weapons
 e - a +0 short sword
 g - a +0 club (weapon)
 l - a +3 hunting sling
 m - a +0 dagger
Missiles
 r - 98 stones (quivered)
Armour
 a - a +0 robe (worn)
 k - a +0 robe
 n - a +0 robe
 o - a +0 robe
 u - a +0 robe
Scrolls
 t - a scroll of fear {unknown}
Potions
 f - a potion of flight
 h - a potion of mutation
 i - a potion of lignification
 s - 3 potions of curing {unknown}
Books
 b - a book of Conjurations

   Spells                             Type                      Level
   a - Magic Dart                     Conjuration                  1
   b - Searing Ray                    Conjuration                  2
   c - Dazzling Spray                 Conjuration/Hexes            3
   d - Fulminant Prism                Conjuration/Hexes            4
   e - Force Lance                    Conjuration/Translocation    4
   f - Iskenderun's Mystic Blast      Conjuration                  4
Comestibles
 c - 2 bread rations
 d - a meat ration
 j - 2 royal jellies
 p - 8 chunks of flesh
 q - 5 fruits


   Skills:
 + Level 1.2 Fighting
 + Level 3.3 Dodging
 + Level 3.1 Stealth
 * Level 4.6 Spellcasting
 + Level 4.8 Conjurations
 + Level 2.4 Hexes
 + Level 1.0 Translocations
 + Level 0.7 Invocations


You had 3 spell levels left.
You knew the following spells:

 Your Spells              Type           Power        Failure   Level  Hunger
a - Magic Dart            Conj           ####         1%          1    None
b - Searing Ray           Conj           ####..       2%          2    #......
c - Dazzling Spray        Conj/Hex       ###...       8%          3    ##.....
d - Force Lance           Conj/Tloc      ###.....     32%         4    ####...


Dungeon Overview and Level Annotations

Branches:
Dungeon (4/15)
 Temple: D:4-7

Altars:
Fedhas
Ru
Sif Muna
Uskayaw
Xom
The Shining One


Message History

You hit the orc wizard but do no damage.
The orc wizard is heavily wounded.
The orc wizard closely misses you.
Casting: Dazzling Spray
Confirm with . or Enter, or press ? or * to list all spells.
Aiming: Searing Ray
Press: ? - help, Shift-Dir - straight line, f/p - orc wizard
Aim: an orc wizard, wielding a dagger and wearing a robe (heavily wounded)
The searing ray hits the orc wizard.
The orc wizard is almost dead. (Press . to maintain the ray.)
The orc wizard gestures at you while chanting.
The magic dart hits you!
* * * LOW HITPOINT WARNING * * *
Unknown command.
The searing ray hits the orc wizard.
The orc wizard is almost dead.
The orc wizard points at you and mumbles some strange words.
The puff of flame hits you!
You die...

............+
........#...# .#..
............###+#...
.#.#........#......
.#.##.......#.....
.#.##............
.#.##.##....###.########
.#.##.##....###.........
......##........@o.....#
##.#####.............$.#
#<....................[#
#...###.#+#.###.......##
........ .... .....##.#
........#......<..... ..
........#...........#. #
.......##...........#
.++###..#


You could see an orc wizard.

Vanquished Creatures
  A scorpion (D:3)
  3 adders
  An ooze (D:2)
  An adder skeleton (D:3)
  2 worms (D:3)
  2 dart slugs
  4 orcs (D:3)
  10 bats
  4 giant cockroaches
  10 hobgoblins
  3 jackals (D:1)
  4 quokkas
  4 ball pythons
  6 frilled lizards
  14 goblins
  9 kobolds
  9 rats
87 creatures vanquished.

Notes
Turn   | Place    | Note
-------+----------+-------------------------------------------
     0 | D:1      | Lorindel the Deep Elf Conjurer began the quest for the Orb.
     0 | D:1      | Reached XP level 1. HP: 10/10 MP: 6/6
   403 | D:1      | Reached XP level 2. HP: 15/15 MP: 2/8
   407 | D:1      | Learned a level 2 spell: Searing Ray
   715 | D:1      | You fall through a shaft!
  1244 | D:2      | Reached XP level 3. HP: 20/20 MP: 6/10
  1249 | D:2      | Learned a level 3 spell: Dazzling Spray
  1498 | D:2      | Reached skill level 1 in Hexes
  2044 | D:2      | Reached skill level 1 in Fighting
  2055 | D:2      | Found a sacrificial altar of Ru.
  2055 | D:2      | Found a deep blue altar of Sif Muna.
  2056 | D:2      | Found a blossoming altar of Fedhas.
  2058 | D:2      | Found a shimmering altar of Xom.
  2070 | D:2      | Became a worshipper of Sif Muna the Loreminder
  2086 | D:2      | Reached XP level 4. HP: 25/25 MP: 7/12
  2092 | D:2      | Learned a level 4 spell: Force Lance
  2545 | D:3      | Found a hide-covered altar of Uskayaw.
  2545 | D:3      | Found a glowing golden altar of the Shining One.
  3250 | D:3      | Reached XP level 5. HP: 25/29 MP: 7/13
  3327 | D:3      | Reached skill level 1 in Translocations
  3387 | D:4      | Killed from afar by an orc wizard

Skill      XL: |  1  2  3  4  5 |
---------------+----------------+-----
Spellcasting   | 4 |  4.6
Hexes          | 1 2 |  2.4
Fighting       | 1 |  1.2
Dodging        | 3 |  3.3
Stealth        | 3 |  3.1
Translocations | 1 |  1.0
Conjurations   | |  4.8
Invocations    | |  0.7

Action                   |  1- 3 |  4- 6 || total
-------------------------+-------+-------++-------
Melee: Unarmed           |     5 |       ||     5
       Club              |    20 |    42 ||    62
 Cast: Magic Dart        |    58 |    34 ||    92
       Searing Ray       |     5 |    13 ||    18
       Dazzling Spray    |       |     2 ||     2
  Use: Scroll            |     6 |     2 ||     8
       Potion            |     1 |       ||     1
 Stab: Sleeping          |     1 |     2 ||     3
       Invisible         |       |     1 ||     1
  Eat: Chunk             |     2 |     1 ||     3
       Bread ration      |     1 |       ||     1
Armor: Robe              |     6 |    11 ||    17
Dodge: Dodged            |    35 |    41 ||    76
